 Dungeon Sprint DCSS version 0.20.1-1-g8b1a95d (webtiles) character file.

17866 potatolord6000 the Severer (level 12, -11/124 HPs)
             Began as a Hill Orc Fighter on Aug 31, 2017.
             Was the Champion of Beogh.
             Mangled by an orc knight
             ... wielding a +0 great sword
              (23 damage)
             ... in the Dungeon (Sprint VII: "The Pits").
             The game lasted 00:17:36 (2622 turns).

potatolord6000 the Severer (Hill Orc Fighter)       Turns: 2622, Time: 00:17:38

Health: -11/124    AC: 20    Str: 29    XL:     12   Next: 52%
Magic:  8/24       EV: 14    Int: 11    God:    Beogh [******]
Gold:   35         SH: 18    Dex: 18    Spells: 11/11 levels left

rFire    . . .     SeeInvis .   a - +2 war axe
rCold    . . .     Gourm    .   c - +3 shield
rNeg     . . .     Faith    .   r - +3 chain mail
rPois    .         Spirit   .   (no helmet)
rElec    .         Reflect  .   (no cloak)
rCorr    .         Harm     .   z - +0 pair of gloves {archery}
MR       .....     NoTele   +   t - +0 pair of boots
Stlth    ..........             (no amulet)
Regen    0.3/turn               b - +3 ring of dexterity
MPRegen  0.2/turn               d - +3 ring of intelligence

@: mighty, agile, berserk cooldown, very slightly contaminated, slowed, very
slow
A: walk on water
a: Smiting, Recall Orcish Followers, Give Item to Named Follower, Resurrection,
Renounce Religion


You were in the Dungeon.
You worshipped Beogh.
Beogh was exalted by your worship.
You were hungry.

You visited 1 branch You collected 35 gold pieces.

Inventory:

Hand Weapons
 a - a +2 war axe (weapon)
 v - a +2 scimitar of flaming
 w - a +0 lajatang
 x - a +1 antimagic broad axe
 y - a +2 halberd of venom
Armour
 c - a +3 shield (worn)
 r - a +3 chain mail (worn)
 t - a +0 pair of boots (worn)
 z - a +0 pair of gloves of archery (worn)
Jewellery
 b - a +3 ring of dexterity (left hand)
 d - a +3 ring of intelligence (right hand)
Scrolls
 k - 3 scrolls of blinking
 m - 4 scrolls of remove curse
 n - 6 scrolls of amnesia
 o - a scroll of summoning
 u - 5 scrolls of recharging
 B - 3 scrolls of fear
Potions
 e - 4 potions of curing
 h - 5 potions of brilliance
 i - 2 potions of magic
 j - 4 potions of berserk rage
 l - 2 potions of invisibility
Comestibles
 f - 9 bread rations
 p - 40 fruits
 q - 6 meat rations


   Skills:
 + Level 16.6 Fighting
 + Level 17.6 Axes
 + Level 15.4 Armour
 + Level 15.3 Shields
 + Level 17.4 Invocations


You had 11 spell levels left.
You didn't know any spells.

Dungeon Overview and Level Annotations

Branches:
Dungeon (1/1)

Altars:
Ashenzari
Cheibriados
Dithmenos
Elyvilon
Fedhas
Gozag
Hepliaklqana
Kikubaaqudgha
Makhleb
Nemelex Xobeh
Okawaru
Qazlal
Ru
Sif Muna
Trog
Uskayaw
Vehumet
Xom
Yredelemnul
Zin
The Shining One
Beogh
Jiyva
Lugonu


Message History

You smite the minotaur!
The minotaur is severely wounded.
You block the orc knight's attack. You block the minotaur's attack.
The minotaur barely misses you.
The vault guard hits you from afar with an enchanted bardiche!!
* * * LOW HITPOINT WARNING * * *
The orc knight hits you with a great sword!
* * * LOW HITPOINT WARNING * * *
Unknown command.
You're still recovering from your berserk rage.
Aiming: Smiting
Press: ? - help, Dir - move target cursor, f/p - minotaur Smite: a minotaur (severely wounded)
You smite the minotaur!
You kill the minotaur!
Beogh accepts your kill. You block the vault guard's attack.
The orc knight hits you with a great sword!!
You die...
Beogh appreciates the orc knight's killing of a heretic priest.

##############################+#
..............N)...............#
.†...........opo@..............#
#############Ec##############†)#
#.)§§c.# #..# #.)§§o.# #..#
#.§cNp.# #..# ###HE### #..# ...§
#..# ..... #..# ....# #..#


You could see a naga warrior, a yaktaur captain, a vault guard, 2 orc knights
and a fire elemental.

Vanquished Creatures
  2 orc warlords (D)
  An emperor scorpion (D)
  Azrael (D)
  A minotaur (D)
  A hydra (D)
  A catoblepas (D)
  A two-headed ogre (D)
  A death yak (D)
  A fire crab (D)
  A flayed ghost (D)
  A lindwurm (D)
  4 orc knights (D)
  A manticore (D)
  Joseph (D)
  A merfolk siren (D)
  A black mamba (D)
  A black mamba (shapeshifter) (D)
  A molten gargoyle (D)
  A rime drake (D)
  2 demonic crawlers (D)
  A yaktaur (shapeshifter) (D)
  A red devil (D)
  A jumping spider (D)
  A hornet (D)
  A hippogriff (D)
  A bog body (D)
  5 redbacks (D)
  A tarantella (D)
  A ynoxinul (D)
  A fire elemental (D)
  2 vampire mosquitoes (D)
  An acid dragon (D)
  A water moccasin (D)
  A porcupine (D)
  4 hell hounds (D)
  A crocodile (D)
  A wolf (D)
  A big kobold (D)
  4 wights (D)
  A crimson imp (D)
  A quasit (D)
  A jelly (D)
  An orc priest (D)
  2 mummies (D)
  4 gnolls (D)
  2 river rats (D)
  An orc (D)
  A bat simulacrum (D)
  A bat zombie (D)
  A hobgoblin (D)
  5 jackals (D)
  A quokka (D)
  A bat (D)
  2 frilled lizards (D)
  A goblin (D)
  2 kobolds (D)
  A quokka skeleton (D)
84 creatures vanquished.

Vanquished Creatures (collateral kills)
  A yaktaur (D)
  A guardian mummy (D)
  A polar bear (D)
  A snapping turtle (D)
  4 redbacks (D)
  A hell hound (D)
  A water moccasin (D)
  2 porcupines (D)
  A black bear (D)
  An orc warrior (D)
  A crocodile (D)
  A bullfrog (D)
  An earth elemental (D)
  A gnoll sergeant (D)
  A hell rat (D)
  3 gnolls (D)
  A jackal (D)
23 creatures vanquished.

Vanquished Creatures (others)
  An orc high priest (D)
  An orc sorcerer (D)
  5 orc knights (D)
  2 orc warriors (D)
  2 orc wizards (D)
  2 orcs (D)
13 creatures vanquished.

Grand Total: 120 creatures vanquished

Notes
Turn   | Place    | Note
-------+----------+-------------------------------------------
     0 | D        | potatolord6000 the Hill Orc Fighter began the quest for the Orb.
     0 | D        | Reached XP level 1. HP: 19/19 MP: 1/1
    17 | D        | Reached XP level 2. HP: 17/28 MP: 2/2
   155 | D        | Found a bloodstained altar of Trog.
   155 | D        | Found a deep blue altar of Sif Muna.
   155 | D        | Found a viscous altar of Jiyva.
   155 | D        | Found a hazy altar of Hepliaklqana.
   155 | D        | Found an opulent altar of Gozag.
   156 | D        | Found a glowing golden altar of the Shining One.
   156 | D        | Found a glowing silver altar of Zin.
   156 | D        | Found a basalt altar of Yredelemnul.
   156 | D        | Found a shimmering altar of Xom.
   156 | D        | Found a sacrificial altar of Ru.
   156 | D        | Found a stormy altar of Qazlal.
   156 | D        | Found an iron altar of Okawaru.
   156 | D        | Found a sparkling altar of Nemelex Xobeh.
   156 | D        | Found a burning altar of Makhleb.
   156 | D        | Found a blossoming altar of Fedhas.
   156 | D        | Found a white marble altar of Elyvilon.
   156 | D        | Found a shadowy altar of Dithmenos.
   156 | D        | Found a snail-covered altar of Cheibriados.
   158 | D        | Found a radiant altar of Vehumet.
   158 | D        | Found a corrupted altar of Lugonu.
   158 | D        | Found a roughly hewn altar of Beogh.
   159 | D        | Found a hide-covered altar of Uskayaw.
   159 | D        | Found an ancient bone altar of Kikubaaqudgha.
   159 | D        | Found a shattered altar of Ashenzari.
   168 | D        | Became a worshipper of Beogh the Brigand
   190 | D        | Reached skill level 1 in Invocations
   192 | D        | Reached * piety under Beogh
   200 | D        | Reached XP level 3. HP: 28/34 MP: 2/4
   249 | D        | Reached ** piety under Beogh
   256 | D        | Noticed a big kobold
   258 | D        | Reached skill level 5 in Fighting
   262 | D        | Reached *** piety under Beogh
   273 | D        | Killed a big kobold
   273 | D        | Reached skill level 5 in Armour
   273 | D        | Reached skill level 5 in Shields
   273 | D        | Reached XP level 4. HP: 28/44 MP: 5/7
   409 | D        | Reached skill level 5 in Invocations
   409 | D        | Reached XP level 5. HP: 39/51 MP: 5/8
   415 | D        | Reached **** piety under Beogh
   415 | D        | Reached XP level 6. HP: 24/60 MP: 6/10
   434 | D        | Noticed a porcupine
   453 | D        | Killed a porcupine
   453 | D        | Reached ***** piety under Beogh
   453 | D        | Reached XP level 7. HP: 33/69 MP: 11/13
   503 | D        | Noticed a redback
   503 | D        | Noticed a two-headed ogre
   506 | D        | Killed a two-headed ogre
   506 | D        | Reached skill level 10 in Fighting
   506 | D        | Reached skill level 10 in Invocations
   506 | D        | Reached XP level 8. HP: 63/80 MP: 7/15
   507 | D        | Killed a redback
   507 | D        | Reached skill level 10 in Armour
   656 | D        | Got the +2 rapier of the Sneaky Places {pierce, Dex+3}
   734 | D        | Noticed a hippogriff
   739 | D        | Killed a hippogriff
   739 | D        | Reached skill level 10 in Shields
   741 | D        | Reached XP level 9. HP: 84/89 MP: 11/17
   751 | D        | Noticed a red devil
   752 | D        | Killed a red devil
   760 | D        | Gained Morbeogh as an ally
   809 | D        | Noticed a demonic crawler
   809 | D        | Noticed a catoblepas
   814 | D        | Killed a catoblepas
   825 | D        | Killed a demonic crawler
  1068 | D        | Noticed a merfolk siren
  1074 | D        | Killed a merfolk siren
  1087 | D        | Reached ****** piety under Beogh
  1169 | D        | Reached XP level 10. HP: 77/99 MP: 15/19
  1388 | D        | Noticed Joseph
  1389 | D        | Noticed a black mamba
  1390 | D        | Noticed a six-headed hydra
  1390 | D        | Killed a black mamba
  1394 | D        | Killed a six-headed hydra
  1401 | D        | Killed Joseph
  1648 | D        | Noticed a lindwurm
  1651 | D        | Killed a lindwurm
  1656 | D        | Noticed a manticore
  1658 | D        | Reached XP level 11. HP: 110/110 MP: 6/21
  1660 | D        | Noticed a flayed ghost
  1661 | D        | Killed a manticore
  1667 | D        | Killed a flayed ghost
  1667 | D        | Reached skill level 15 in Axes
  1672 | D        | Reached skill level 15 in Invocations
  2282 | D        | Noticed an emperor scorpion
  2291 | D        | Killed an emperor scorpion
  2291 | D        | Reached skill level 15 in Fighting
  2451 | D        | Noticed a death yak
  2454 | D        | Killed a death yak
  2578 | D        | Noticed a fire crab
  2578 | D        | Noticed an orc knight
  2579 | D        | Noticed an orc knight
  2579 | D        | Noticed an orc knight
  2580 | D        | Killed a fire crab
  2581 | D        | Noticed an orc warlord
  2581 | D        | Noticed an orc knight
  2582 | D        | Noticed an orc knight
  2583 | D        | Noticed an orc warlord
  2583 | D        | Noticed an orc knight
  2583 | D        | Noticed an orc knight
  2583 | D        | Noticed an orc knight
  2587 | D        | Noticed an orc knight
  2590 | D        | Reached XP level 12. HP: 121/121 MP: 12/24
  2593 | D        | Noticed a yaktaur captain
  2593 | D        | Noticed Azrael
  2601 | D        | Killed an orc warlord
  2603 | D        | Reached skill level 15 in Armour
  2604 | D        | Reached skill level 15 in Shields
  2607 | D        | Noticed a minotaur
  2607 | D        | Killed an orc warlord
  2612 | D        | Noticed a naga warrior
  2613 | D        | Noticed a vault guard
  2614 | D        | HP: 4/124 [orc knight/uncursed broad axe (5)]
  2615 | D        | Your ally Morbeogh died
  2619 | D        | Killed Azrael
  2622 | D        | Killed a minotaur
  2622 | D        | Mangled by an orc knight

Skill      XL: |  1  2  3  4  5  6  7  8  9 10 11 12 |
---------------+-------------------------------------+-----
Fighting       | 4 6 7 8 10 11 12 14 15 16 | 16.6
Axes           | 3 4 6 7 9 11 13 14 16 17 | 17.6
Armour         | 4 5 6 8 9 10 11 13 14 15 | 15.4
Shields        | 4 5 6 7 9 10 11 12 14 15 | 15.3
Invocations    | 2 4 5 6 8 10 11 12 14 16 17 | 17.4

Action                   |  1- 3 |  4- 6 |  7- 9 | 10-12 || total
-------------------------+-------+-------+-------+-------++-------
Melee: War axe           |    36 |    47 |    54 |    77 ||   214
Invok: Smiting           |       |     1 |    11 |    48 ||    60
       Give Item to Name |       |       |       |     1 ||     1
       Resurrection      |       |       |       |     1 ||     1
  Use: Potion            |       |     5 |     3 |    18 ||    26
       Scroll            |       |       |       |     7 ||     7
 Stab: Distracted        |       |       |       |     3 ||     3
       Paralysed         |       |       |       |     1 ||     1
  Eat: Meat ration       |       |       |     1 |       ||     1
Armor: Scale mail        |    10 |       |       |       ||    10
       Chain mail        |       |    57 |    25 |    54 ||   136
Dodge: Dodged            |    10 |    23 |    14 |    39 ||    86
Block: Shield            |    22 |    43 |    29 |   106 ||   200
